 Dungeon Crawl Stone Soup version 0.19.0-22-gd96e5fe (webtiles) character file.

289 Monsterracer the Cleaver (level 6, 0/51 HPs)
             Began as a Hill Orc Fighter on Nov 19, 2016.
             Succumbed to a worker ant's poison
             ... on level 4 of the Dungeon.
             The game lasted 00:04:35 (2295 turns).

Monsterracer the Cleaver (Hill Orc Fighter)         Turns: 2295, Time: 00:04:36

Health: 0/51       AC: 12    Str: 19      XL:     6   Next: 31%
Magic:  6/6        EV:  3    Int:  6 (8)  God:
Gold:   247        SH:  9    Dex: 11 (12) Spells: 0 memorised, 5 levels left

rFire  . . .     SeeInvis .     a - +0 war axe
rCold  . . .     Gourm    .     r - +0 plate armour
rNeg   . . .     Faith    .     c - +0 shield
rPois  .         Spirit   .     (no helmet)
rElec  .         Reflect  .     b - +0 cloak
rCorr  .         Harm     .     (no gloves)
MR     .....                    (no boots)
Stlth  ..........               (no amulet)
                                (no ring)
                                (no ring)

@: lethally poisoned (0 -> -6)
A: no striking features
a: no special abilities


You were on level 4 of the Dungeon.
You were not hungry.

You visited 1 branch of the dungeon, and saw 4 of its levels.

You collected 247 gold pieces.

Inventory:

Hand Weapons
 a - a +0 war axe (weapon)
Armour
 b - a +0 cloak (worn)
 c - a +0 shield (worn)
 r - a +0 plate armour (worn)
Jewellery
 g - an uncursed ring of fire
 i - an uncursed ring of fire
Wands
 p - a wand of digging (10/24)
Scrolls
 d - a scroll of amnesia {unknown}
 j - a scroll of magic mapping {unknown}
 l - 3 scrolls of identify {unknown}
 n - 2 scrolls of recharging {unknown}
 o - a scroll of noise {unknown}
 s - a scroll of fear {unknown}
 t - a scroll of teleportation {unknown}
 u - a scroll of fog {unknown}
 v - 2 scrolls of enchant weapon {unknown}
 w - a scroll of remove curse {unknown}
Potions
 e - a potion of flight
 q - a potion of brilliance
Comestibles
 f - 3 bread rations
 h - 2 beef jerkies
 k - a royal jelly
 m - 5 meat rations
 x - a chunk of flesh


   Skills:
 - Level 3.6 Fighting
 + Level 8.5 Axes
 - Level 3.2 Armour
 - Level 3.2 Shields


You had 5 spell levels left.
You didn't know any spells.

Dungeon Overview and Level Annotations

Branches:
Dungeon (4/15)
 Temple: D:4-7

Altars:


Message History

* * * LOW HITPOINT WARNING * * *
You feel sick.
Unknown command.
You slash the leopard gecko!
You kill the leopard gecko!
* * * LOW HITPOINT WARNING * * *
You feel sick.
* * * LOW HITPOINT WARNING * * *
You feel sick.
* * * LOW HITPOINT WARNING * * *
You feel sick.
* * * LOW HITPOINT WARNING * * *
You feel sick.
* * * LOW HITPOINT WARNING * * *
You feel sick.
* * * LOW HITPOINT WARNING * * *
You feel sick.
* * * LOW HITPOINT WARNING * * *
You feel sick.
You die...

....### #.#### #........
#.##.. +........ #.##.#
#........
#.##.############......#
#.##.#.........##......#
#.##.#....[....##......#
#.##.#.........##.†....##
....>'..........@†.......
....##.........##........
....##.........##...(....
....#############........
..(.# #........ ....#
######... ....# ### ....#
#####


There were no monsters in sight!

Vanquished Creatures
  Menkaure (D:4)
  A worker ant (D:4)
  A hound skeleton (D:3)
  2 adders
  4 gnolls (D:2)
  An ooze (D:3)
  A worm (D:3)
  2 dart slugs (D:1)
  A leopard gecko (D:4)
  An orc (D:3)
  A ball python (D:1)
  6 giant cockroaches
  5 goblins (D:1)
  3 hobgoblins
  10 jackals
  2 quokkas
  8 bats
  3 frilled lizards (D:2)
  A giant cockroach zombie (D:4)
  4 kobolds
  7 rats
65 creatures vanquished.

Notes
Turn   | Place    | Note
-------+----------+-------------------------------------------
     0 | D:1      | Monsterracer the Hill Orc Fighter began the quest for the Orb.
     0 | D:1      | Reached XP level 1. HP: 19/19 MP: 1/1
    52 | D:1      | Reached skill level 3 in Axes
    98 | D:1      | Reached XP level 2. HP: 24/26 MP: 2/2
   195 | D:1      | Reached skill level 4 in Axes
   388 | D:1      | Reached XP level 3. HP: 20/31 MP: 3/3
   899 | D:2      | Reached skill level 5 in Axes
  1012 | D:2      | Reached XP level 4. HP: 37/39 MP: 4/4
  1172 | D:2      | Reached skill level 6 in Axes
  1646 | D:3      | Reached XP level 5. HP: 45/45 MP: 5/5
  2274 | D:4      | Noticed Menkaure
  2280 | D:4      | Killed Menkaure
  2280 | D:4      | Reached skill level 8 in Axes
  2280 | D:4      | Reached XP level 6. HP: 21/51 MP: 6/6
  2291 | D:4      | HP: 2/51 [poisoned by a worker ant]
  2295 | D:4      | Succumbed to a worker ant's poison

Skill      XL: |  1  2  3  4  5 |
---------------+----------------+-----
Axes           | 3 4 5 6 8 |  8.5
Fighting       | |  3.6
Armour         | |  3.2
Shields        | |  3.2

Action                   |  1- 3 |  4- 6 || total
-------------------------+-------+-------++-------
Melee: War axe           |   115 |    65 ||   180
  Use: Potion            |     3 |     3 ||     6
  Eat: Chunk             |       |     5 ||     5
Armor: Scale mail        |    58 |    11 ||    69
       Plate armour      |       |    32 ||    32
Dodge: Dodged            |    51 |    12 ||    63
Block: Shield            |    74 |    27 ||   101
